 Dungeon Crawl Stone Soup version 0.30.0-19-g36f170ea60 (webtiles) character file.

Game seed: 14264912705563956669

11154 Brutalitops the Covert (level 11, -8/108 HPs)
             Began as a Naga Chaos Knight on May 27, 2023.
             Was a Plaything of Xom.
             Mangled by a hell rat (12 damage)
             ... on level 4 of the Lair of Beasts on May 28, 2023.
             The game lasted 00:39:59 (8528 turns).

Brutalitops the Covert (Naga Chaos Knight)          Turns: 8528, Time: 00:40:00

Health: -8/108     AC: 29    Str: 19    XL:     11   Next: 73%
Magic:  20/20      EV: 10    Int: 15    God:    Xom [*.....]
Gold:   1100       SH: 12    Dex: 13    Spells: 10/10 levels left

rFire   . . .        t - +2 spear of Xom's Scorn {heavy, rElec rPois Int+3 Dex+2}
rCold   + + .        z - +3 kite shield of the Puckish God {MP+9 Stlth+}
rNeg    + + +        H - +4 chain mail {Will+}
rPois   ∞            Q - +0 hat {Stlth+}
rElec   +            j - +2 cloak
rCorr   .            u - +1 pair of gloves
SInv    +            (no barding)
Will    +++..        (no amulet)
Stlth   +++          A - +5 ring of evasion
HPRegen 0.38/turn    K - ring of protection from cold
MPRegen 0.17/turn

%: no passive effects
@: lich-form, very slow
A: draining attack, torment immunity, no potions, AC +3, large, see invisible,
deformed body, poison resistance, slowness 2, spit poison 2, naga tail 1,
iridescent scales 2, robust 1, electricity resistance
a: Breathe Poison Gas, Renounce Religion


You were on level 4 of the Lair of Beasts.
You worshipped Xom.
You were a special plaything of Xom.
You were an undead lich.
You visited 2 branches of the dungeon, and saw 11 of its levels.
You also visited: Bailey.

You collected 1100 gold pieces.

Inventory:

Hand Weapons
 a - a +0 hand axe of chaos
 d - a +0 dagger of freezing
 e - a +2 vampiric short sword
 l - a +0 lajatang
 o - the +6 sling of Jiung {heavy, Fragile rPois rC+}
   (You took it off a gnoll on level 2 of the Dungeon)

   rC:        It protects you from cold.
   rPois:     It protects you from poison.
   Fragile:   It will be destroyed if unequipped.
 s - the +7 staff of the Meek {protect, meekguard}
   (You found it on level 5 of the Dungeon)
 t - the +2 spear of Xom's Scorn (weapon) {heavy, rElec rPois Int+3 Dex+2}
   (You found it on level 5 of the Dungeon)

   Int:       It affects your intelligence (+3).
   Dex:       It affects your dexterity (+2).
   rElec:     It insulates you from electricity.
   rPois:     It protects you from poison.
 w - a +4 rapier of venom
 x - a +4 heavy dire flail
 L - a +4 great sword
 M - the +4 war axe of the Distant Future {protect, rElec rC+ Int-3 Dex+2}
   (You found it on level 8 of the Dungeon)

   Int:       It affects your intelligence (-3).
   Dex:       It affects your dexterity (+2).
   rC:        It protects you from cold.
   rElec:     It insulates you from electricity.
 N - a +4 quarterstaff
Missiles
 D - a throwing net
Armour
 b - a +3 leather armour
 j - a +2 cloak (worn)
 k - a +3 chain mail
 u - a +1 pair of gloves (worn)
 z - the +3 kite shield of the Puckish God (worn) {MP+9 Stlth+}
   (Xom gifted it to you on level 5 of the Dungeon)

   MP:        It affects your magic capacity (+9).
   Stlth:     It makes you more stealthy.
 H - a +4 chain mail of willpower (worn)
 P - a +0 helmet
 Q - a +0 hat of stealth (worn)
Magical Staves
 g - a staff of death
 i - a staff of air
 p - a staff of fire
Jewellery
 A - a +5 ring of evasion (left hand)
 K - a ring of protection from cold (right hand)
Wands
 m - a wand of flame (5)
 E - a wand of roots (7)
Scrolls
 v - 2 scrolls of teleportation
 y - a scroll of immolation
 C - 2 scrolls of amnesia
 F - a scroll of poison
 G - a scroll of identify
 S - a scroll of blinking {unknown}
Potions
 f - 4 potions of flight
 n - 3 potions of curing
 q - 2 potions of might
 r - 3 potions of heal wounds
 B - 2 potions of ambrosia
 I - 2 potions of attraction
 J - 4 potions of mutation
 O - a potion of cancellation
 R - a potion of magic {unknown}
Miscellaneous
 c - a piece from Xom's chessboard (15/15) (quivered)
 h - a phial of floods


   Skills:
 + Level 6.8 Fighting
 + Level 0.4 Short Blades
 + Level 3.6(5.8) Axes
 + Level 7.1(8.6) Polearms
 + Level 6.3(7.8) Staves
 + Level 5.8 Armour
 + Level 3.4 Dodging
 + Level 8.4 Stealth
 + Level 5.6 Shields
 * Level 8.1 Evocations


You had 10 spell levels left.
You didn't know any spells.
Your spell library contained the following spells:

 Spells                   Type           Power      Damage    Failure   Level
 Magic Dart               Conj           0%         1d3       99%         1
 Blink                    Tloc           0%         N/A       100%        2
 Searing Ray              Conj           0%         2d4       100%        2
 Sublimation of Blood     Necr           0%         N/A       100%        2
 Fulminant Prism          Conj/Hex       0%         3d5       100%        4
 Manifold Assault         Tloc           0%         N/A       100%        4
 Petrify                  Tmut/Erth      0%         N/A       100%        4
 Irradiate                Conj/Tmut      0%         3d11      100%        5
 Storm Form               Tmut/Air       0%         N/A       100%        7


Dungeon Overview and Level Annotations

Branches:
Dungeon (8/15)             Temple (0/1) D:7            Lair (4/5) D:8
 Bailey (visited)
  Swamp: Lair:2-3    Shoals: Lair:2-3     Snake: Lair:2-3    Spider: Lair:2-3
  Slime: Lair:4-5

Altars:
Makhleb
Qazlal
Sif Muna
Uskayaw
Vehumet
Wu Jian

Annotations:
D:7 3 runed translucent doors, Kranky's ghost, novice TrWr


Innate Abilities, Weirdness & Mutations

You are an undead lich.
Your unarmed attacks are suffused with negative energy.
You are immune to unholy pain and torment.
Your necromantic spells are more powerful.
You cannot drink.
Your serpentine skin is tough. (AC +3)
You have supernaturally acute eyesight. (SInv)
Armour fits poorly on your strangely shaped body.
Your system is resistant to poisons. (rPois)
You cover ground very slowly.
You can exhale a cloud of poison.
You have a snake-like lower body.
You are mostly covered in iridescent scales. (AC +4)
You are robust. (+10% HP)
You are resistant to electric shocks. (rElec)


Message History

You block the yak's attack. You block the hell rat's attack.
The elephant barely misses you. You block the elephant's attack.
The yak barely misses you. The yak gores you.
* * * LOW HITPOINT WARNING * * *
You block the hell rat's attack. The yak gores you but does no damage.
You hit the yak but do no damage.
The yak is almost dead.
The elephant tramples you but does no damage.
The elephant trunk-slaps you but does no damage.
The hell rat bites you but does no damage.
You block the yak's attack. The yak misses you.
The yak gores you but does no damage. The elephant tramples you.
* * * LOW HITPOINT WARNING * * *
You hold your ground!
The elephant trunk-slaps you but does no damage.
You hit the yak.
The yak is almost dead.
You block the hell rat's attack. You block the yak's attack. x2
The yak gores you but does no damage. You block the elephant's attack.
The elephant trunk-slaps you but does no damage.
The hell rat bites you.
* * * LOW HITPOINT WARNING * * *
You puncture the yak!
You kill the yak!
You block the yak's attack. The yak closely misses you.
The elephant tramples you but does no damage.
You block the elephant's attack.
You cannot drink potions in your current state!
You closely miss the hell rat. The yak gores you.
* * * LOW HITPOINT WARNING * * *
The hell rat bites you but does no damage.
The yak closely misses you. The elephant barely misses you.
You block the elephant's attack. The hell rat bites you!
* * * LOW HITPOINT WARNING * * *
Unknown command.
You hit the hell rat.
The hell rat is moderately wounded.
The hell rat bites you!
You die...
Xom bursts into laughter!

#...)..........##
....#
##.................
...#..
#...............#.#
...###
#..............####
## #.............##
#..............#
#.............##
............Yr#
#..........YrL#
............YY#
#.##.......YYl# ##
##..#....###
##...##.# #### #.#
#.. .Y. ...


You could see 3 elephants, a komodo dragon, 3 yaks and 2 hell rats.

Vanquished Creatures
  Gastronok (Lair:1)
  Nergalle (Lair:1)
  6 elephants (Lair:4)
  Joseph (D:8)
  A cane toad (Lair:1)
  A troll (D:8)
  3 blink frogs (Lair:4)
  13 yaks
  A basilisk (Lair:1)
  3 wyverns
  Edmund (D:5)
  2 water moccasins
  Duvessa (D:5)
  8 orc warriors
  2 black bears
  2 sky beasts
  2 wolves (D:8)
  Blork the orc (D:5)
  3 bullfrogs
  3 scorpions (D:5)
  A gnoll sergeant (D:7)
  11 wights
  Dowan (D:5)
  3 killer bees (D:8)
  An electric eel (D:8)
  2 howler monkeys (D:6)
  5 hounds
  A gnoll bouda (D:7)
  2 jellies
  4 iguanas
  7 orc wizards
  4 hell rats (Lair:4)
  10 gnolls
  6 adders
  A shadow imp (D:7)
  2 white imps
  2 worms (D:2)
  A dart slug (D:3)
  21 orcs
  5 ball pythons
  8 bats
  6 endoplasms
  2 giant cockroaches (D:1)
  10 hobgoblins
  4 jackals (D:3)
  6 quokkas
  5 frilled lizards
  14 goblins
  10 kobolds
  9 rats
220 creatures vanquished.

Vanquished Creatures (others)
  3 kobolds (Bailey)
3 creatures vanquished.

Grand Total: 223 creatures vanquished

Notes
Turn   | Place    | Note
-------+----------+-------------------------------------------
     0 | D:1      | Brutalitops the Naga Chaos Knight began the quest for the
                  | Orb.
     0 | D:1      | Reached XP level 1. HP: 21/21 MP: 1/1
   150 | D:1      | Reached XP level 2. HP: 28/28 MP: 2/2
   208 | D:1      | XOM: silly message
   486 | D:1      | XOM: god gift: phial of floods
   550 | D:1      | Reached XP level 3. HP: 34/34 MP: 3/3
   582 | D:1      | XOM: god gift: scroll labelled MIXUIS BOEPTU {god gift}
   609 | D:2      | Reached skill level 1 in Dodging
   701 | D:2      | XOM: give mutations
   701 | D:2      | Gained mutation: You are partially covered in iridescent
                  | scales. (AC +2) [Xom's grace]
   701 | D:2      | Gained mutation: You are robust. (+10% HP) [Xom's grace]
   701 | D:2      | Gained mutation: You can exhale a cloud of poison. [Xom's
                  | grace]
   777 | D:2      | Reached skill level 1 in Evocations
   777 | D:2      | Reached XP level 4. HP: 32/47 MP: 4/4
   870 | D:2      | Found a faded altar of an unknown god.
   888 | D:2      | XOM: god gift: war axe {god gift}
   945 | D:2      | Identified the +6 sling of Jiung {heavy, Fragile rPois rC+}
  1163 | D:2      | XOM: smoke on damage
  1521 | D:3      | Found an ornate altar of the Wu Jian Council.
  1624 | D:3      | Found a hide-covered altar of Uskayaw.
  1699 | D:3      | Reached XP level 5. HP: 55/55 MP: 5/5
  1739 | D:3      | Reached skill level 1 in Staves
  1767 | D:3      | Reached skill level 1 in Stealth
  1892 | D:3      | XOM: 1-stop teleportation journey
  2319 | D:3      | XOM: god gift: thin glowing staff {god gift}
  2461 | D:4      | XOM is BORED!
  2461 | D:4      | XOM: 4-stop teleportation journey
  3013 | D:5      | Entered Level 5 of the Dungeon
  3018 | D:5      | Noticed a black bear
  3027 | D:5      | Killed a black bear
  3028 | D:5      | Reached XP level 6. HP: 55/62 MP: 6/6
  3058 | D:5      | Found the +7 staff of the Meek {protect, meekguard}
  3083 | D:5      | Identified the +2 spear of Xom's Scorn {heavy, rElec rPois
                  | Int+3 Dex+2}
  3095 | D:5      | XOM: scenery: 2 doors open
  3117 | D:5      | XOM: torment (32/62 hp)
  3229 | D:5      | Noticed Duvessa
  3229 | D:5      | Noticed Dowan
  3230 | D:5      | Noticed Edmund
  3236 | D:5      | Killed Dowan
  3237 | D:5      | Reached XP level 7. HP: 29/70 MP: 7/7
  3237 | D:5      | Killed Duvessa
  3248 | D:5      | Killed Edmund
  3431 | D:5      | Noticed Blork the orc
  3433 | D:5      | XOM: destruction
  3437 | D:5      | Killed Blork the orc
  3640 | D:5      | Identified the +3 kite shield of the Puckish God {MP+9
                  | Stlth+} (Xom gifted it to you on level 5 of the Dungeon)
  3640 | D:5      | XOM: god gift: +3 kite shield of the Puckish God {MP+9
                  | Stlth+}
  3804 | D:5      | Noticed a yak
  3804 | D:5      | Noticed a yak
  3804 | D:5      | Noticed a yak
  3804 | D:5      | Noticed a yak
  3806 | D:5      | Noticed a yak
  3808 | D:5      | Killed a yak
  3809 | D:5      | Reached skill level 5 in Staves
  3809 | D:5      | Reached XP level 8. HP: 58/80 MP: 8/8
  3810 | D:5      | Killed a yak
  3810 | D:5      | Killed a yak
  3816 | D:5      | Killed a yak
  3819 | D:5      | Killed a yak
  3820 | D:5      | Reached skill level 5 in Fighting
  3820 | D:5      | Reached skill level 5 in Stealth
  4128 | D:6      | Reached XP level 9. HP: 73/89 MP: 9/9
  4215 | D:6      | Found a burning altar of Makhleb.
  4346 | D:6      | Reached skill level 1 in Polearms
  4482 | D:6      | Reached skill level 1 in Shields
  4930 | D:6      | Noticed a balrug
  4934 | D:6      | Noticed an orange demon
  4934 | D:6      | Noticed an orange demon
  5026 | D:7      | Reached skill level 5 in Evocations
  5113 | D:7      | Found a flagged portal.
  5133 | Bailey   | Entered a bailey
  5192 | Bailey   | XOM: destruction
  5206 | Bailey   | XOM: enchant monster (good)
  5222 | Bailey   | XOM: summons friendly shadow imp
  5223 | Bailey   | XOM: potion effect (invisibility)
  5516 | Bailey   | XOM: give mutations
  5516 | Bailey   | Gained mutation: You are resistant to electric shocks.
                  | (rElec) [Xom's grace]
  5516 | Bailey   | Gained mutation: You are mostly covered in iridescent
                  | scales. (AC +4) [Xom's grace]
  5600 | D:7      | XOM: scenery: 1 doors open, 1 doors close
  5649 | D:7      | XOM: god gift: 54 gold pieces
  5691 | D:7      | Reached XP level 10. HP: 88/100 MP: 10/10
  5745 | D:7      | XOM: god gift: robe {god gift}
  5748 | D:7      | Found a staircase to the Ecumenical Temple.
  5774 | D:7      | XOM is BORED!
  5774 | D:7      | XOM: blink monster(s)
  5779 | D:7      | XOM: 1-stop teleportation journey
  5865 | D:7      | Found a runed translucent gate.
  5865 | D:7      | Found a runed translucent gate.
  5865 | D:7      | Found a runed translucent gate.
  5866 | D:7      | Noticed Kranky's ghost (novice TrWr)
  5917 | D:7      | Found a shimmering blue altar of Sif Muna.
  6286 | D:7      | XOM: cleaving
  6292 | D:7      | XOM: silly message
  6307 | D:7      | XOM: cleaving
  6384 | D:7      | Found a stormy altar of Qazlal.
  6700 | D:8      | Identified the +4 war axe of the Distant Future {protect,
                  | rElec rC+ Int-3 Dex+2}
  6712 | D:8      | XOM: cloud trail
  6778 | D:8      | Found a radiant altar of Vehumet.
  6796 | D:8      | Noticed Joseph
  6800 | D:8      | XOM: noise
  6804 | D:8      | XOM: noise
  6806 | D:8      | Killed Joseph
  6941 | D:8      | Found a staircase to the Lair.
  6961 | D:8      | Reached skill level 5 in Polearms
  6998 | D:8      | XOM: cloud trail
  7124 | D:8      | XOM: silly message
  7330 | Lair:1   | Entered Level 1 of the Lair of Beasts
  7330 | Lair:1   | Noticed Nergalle
  7333 | Lair:1   | XOM: confuse monster(s)
  7336 | Lair:1   | Killed Nergalle
  7340 | Lair:1   | Noticed a cane toad
  7357 | Lair:1   | Killed a cane toad
  7358 | Lair:1   | Reached skill level 5 in Armour
  7416 | Lair:1   | XOM: 3-stop teleportation journey
  7536 | Lair:1   | Noticed Gastronok
  7539 | Lair:1   | XOM: cast spell 'Death Channel'
  7544 | Lair:1   | XOM: silly message
  7556 | Lair:1   | Killed Gastronok
  7557 | Lair:1   | Reached XP level 11. HP: 38/108 MP: 11/11
  8086 | Lair:1   | XOM: divination: magic mapping
  8179 | Lair:1   | XOM: god gift: Inescapable Atlas
  8208 | Lair:2   | You fall into a shaft and drop 2 floors!
  8234 | Lair:4   | XOM: potion effect (curing)
  8237 | Lair:4   | XOM: cast spell 'Call Canine Familiar'
  8238 | Lair:4   | Reached skill level 5 in Shields
  8488 | Lair:4   | XOM: fake destruction
  8501 | Lair:4   | XOM: swap monsters
  8507 | Lair:4   | XOM: cast spell 'Necromutation'
  8508 | Lair:4   | XOM: cast spell 'Metabolic Englaciation'
  8527 | Lair:4   | HP: 4/108 [hell rat (8)]
  8528 | Lair:4   | Mangled by a hell rat

Illustrated notes

Levels and vault maps discovered:
D:1:      dpeg_arrival_ratfight, layout_loops_ring, skrybe_limestone_x
D:2:      layout_loops_ring, nicolae_ecumenical_lake_church, st_stairs_10
D:3:      layout_basic, mainiacjoe_overflow_catwalk,
          nicolae_wu_jian_wuxing_cycle
D:4:      layout_loops_cross
D:5:      layout_gridville, chequers_hall_statues_corner_a, saegor_snake_ambush,
          uniq_edmund, uniq_duvessa, uniq_blork_the_orc
D:6:      layout_loops_corners, makhleb_altar_promises_db
D:7:      layout_gridville, general_overflow_altar,
          mainiacjoe_overflow_surrounded_room,
          minmay_temple_entry_gardened_gates, ebering_ghost_rock_garden,
          enter_bailey_5, minivault_27, grunt_ministairs_2,
          minmay_misc_feat_chi, dreamdust_gnoll_shepherd
D:8:      layout_cave_pools, vehumet_crystals, erik_lair_island,
          hangedman_abyss_or_decor_slice, uniq_joseph
Lair:1:   layout_regular_city, infiniplex_staircase_pool_2, lemuel_fruit_tree,
          uniq_nergalle, uniq_gastronok
Lair:2:   layout_chaotic_city, spider_nest_entry_webs, basic_altar,
          beast_lair_carwin_4
Lair:4:   layout_cave_pods, portal_ice_cave_entry_animals_and_master

Skill      XL: |  1  2  3  4  5  6  7  8  9 10 11 |
---------------+----------------------------------+-----
Dodging        | 1 2 3 |  3.4
Evocations     | 1 2 3 4 5 7 8 |  8.1
Armour         | 2 3 4 5 |  5.8
Staves         | 2 3 5 6 |  6.3
Stealth        | 1 2 4 5 6 7 8 |  8.4
Fighting       | 4 5 6 |  6.8
Polearms       | 4 6 7 |  7.1
Shields        | 2 4 5 |  5.6
Short Blades   | |  0.4
Axes           | |  3.6

Action                     |  1- 3 |  4- 6 |  7- 9 | 10-12 || total
---------------------------+-------+-------+-------+-------++-------
  Melee: Hand axe          |    26 |       |       |       ||    26
         Short sword       |    35 |       |       |       ||    35
         Lajatang          |     9 |   113 |       |       ||   122
         Quarterstaff      |       |     6 |    12 |       ||    18
         Spear             |       |       |   151 |   233 ||   384
Ability: Spit Poison       |    17 |       |       |       ||    17
         Breathe Poison Ga |     2 |    13 |    21 |    21 ||    57
    Use: Scroll            |     2 |     5 |     9 |     4 ||    20
         Potion            |     2 |     1 |     1 |       ||     4
   Stab: Sleeping          |       |     1 |     2 |     2 ||     5
         Invisible         |       |       |     4 |       ||     4
         Confused          |       |       |       |     2 ||     2
 Armour: Leather armour    |    37 |    80 |    12 |       ||   129
         Chain mail        |       |       |    48 |   202 ||   250
  Dodge: Dodged            |    39 |    68 |    82 |   163 ||   352
  Block: Kite shield       |       |       |    96 |   202 ||   298
